Map: Lightshade LE

Players

Zest

  • Race: Protoss Protoss
  • Spawn Location: 5:00

Clem - Winner!

  • Race: Terran Terran
  • Spawn Location: 11:00

Event: IEM Katowice 2021

VOD

Have the link to the VOD?

Description

Time

  • Played on: Feb. 27, 2021, 12:36 p.m.
  • Length: 4:33

All games in this series

Show
View Real Time Build Order
Export as new Build Order

Zest Protoss 

Build Orders: 1 Gate Expand 

Get SALT Encoding   

  12  0:01  Probe  
  13  0:13  Probe  
  14  0:18  Pylon  
  14  0:25  Probe  
  15  0:37  Pylon  
  15  0:38  Probe  
  16  0:50  Probe  
  16  0:56  Gateway  
  17  1:01  Assimilator  
  17  1:02  Probe  
  18  1:15  Probe  
  19  1:29  Nexus  
  19  1:41  Zealot (Chrono Boost)  
  19  1:45  Cybernetics Core  
  21  1:48  Probe  
  21  1:55  Assimilator  
  21  1:59  Zealot (Chrono Boost)  
  23  2:04  Probe  
  24  2:16  Probe  
  24  2:19  Stalker (Chrono Boost)  
  24  2:22  Warp Gate  
  27  2:28  Probe  
  28  2:33  Twilight Council  
  28  2:44  Stalker (Chrono Boost)  
  28  2:58  Probe  
  29  3:05  Stalker (Chrono Boost)  
  29  3:16  Probe  
  30  3:22  Probe  
  31  3:31  Probe  
  31  3:39  Probe  
  29  3:43  Probe  
  29  3:44  Shield Battery  
  25  3:51  Probe  
  25  3:55  Probe  
  25  3:59  Gateway  
  23  4:03  Probe (Chrono Boost)  
  23  4:07  Probe (Chrono Boost)  
  21  4:11  Dark Shrine  
  22  4:20  Probe (Chrono Boost)  
  22  4:21  Probe (Chrono Boost)  
Show
View Real Time Build Order
Export as new Build Order

Clem Terran - Winner!

Build Orders:  

Get SALT Encoding   

  12  0:00  SCV  
  13  0:12  SCV  
  14  0:17  Supply Depot  
  14  0:24  SCV  
  15  0:38  SCV  
  15  0:40  Barracks  
  15  0:42  Refinery  
  16  0:50  SCV  
  17  1:03  SCV  
  18  1:15  SCV  
  19  1:27  Marine  
  19  1:28  Orbital Command  
  20  1:41  Command Center  
  20  1:45  Barracks Reactor  
  20  1:53  SCV  
  21  1:59  Supply Depot  
  21  2:06  Factory  
  21  2:10  SCV  
  22  2:22  SCV, Marine x2  
  25  2:25  Bunker  
  25  2:34  SCV  
  26  2:39  Marine  
  26  2:40  Marine  
  28  2:46  SCV  
  28  2:51  Hellion  
  28  2:57  Marine x2  
  28  2:58  SCV  
  28  3:04  Orbital Command  
  26  3:10  SCV  
  27  3:15  Marine  
  27  3:19  Hellion  
  30  3:24  SCV  
  31  3:27  Marine  
  31  3:30  SCV  
  32  3:36  SCV  
  31  3:43  Hellion  
  32  3:55  Marine x2  
  33  4:01  Engineering Bay  
  33  4:02  SCV  
  33  4:06  SCV  
  32  4:13  Marine  
  32  4:14  SCV  
  32  4:18  SCV  
  34  4:28  Barracks  

Tags
 
Add a new tag
Caveats
  • Supply blocks, unpowered buildings, or Contaminate may cause inaccurate times.
  • Supply counts are checked every 10 seconds.